AoeStats
← xMYSTERYMANx

Black Forest

507493155Analyzed
4v4 RM · 15d ago on Sep 18, 2026· 47m 23s· 8 players
Game mode
Random Map
Map size
Large (8 player)
Population
200
Speed
Normal
Resources
Standard
Victory
Conquest
Starting age
Dark Age
Ending age
Imperial Age
RankedLock teamsTeams togetherTeam positionsShared explorationLock speedFull tech treeHidden civsTurbo modeCheats
Victory
Defeat
🇨🇳 Persians · China
937
+12
🇨🇳 Italians · China
919
+12
🇨🇳 Vikings · China
882
+14
🇨🇳 Bohemians · China
838
+16
🇱🇰 Huns · Sri Lanka
866
-15
🇬🇷 Goths · Greece
862
-14
🇩🇪 Saracens · Germany
824
-13
🇧🇪 Vikings · Belgium
803
-12
xMYSTERYMANx
0:29 Loom
14:45 Feudal Age
16:01 Wheelbarrow
15:15 Double-Bit Axe
23:06 Castle Age
21:27 Horse Collar
23:55 Town Watch
26:35 Hand Cart
29:10 Husbandry
29:21 Bloodlines
29:38 Hand Cart
29:24 Town Patrol
30:40 Bow Saw
30:24 Gold Mining
30:24 Stone Mining
32:15 Gold Shaft Mining
35:54 Scale Barding Armor
35:49 Scale Mail Armor
36:00 Forging
36:56 Marauders
37:37 Chain Barding Armor
37:32 Chain Mail Armor
38:29 Squires
37:49 Pikeman
38:15 Arson
39:08 Iron Casting
38:23 Fletching
38:34 Padded Archer Armor
Tha_JB
2:27 Loom
11:05 Feudal Age
13:14 Wheelbarrow
14:31 Double-Bit Axe
16:09 Horse Collar
16:21 Gold Mining
16:42 Stone Mining
24:06 Castle Age
25:10 Town Watch
26:52 Gold Shaft Mining
26:30 Bow Saw
26:22 Heavy Plow
27:32 Fortified Wall
27:18 Murder Holes
27:44 Ballistics
28:27 Hand Cart
31:18 Caravan
32:57 Fletching
38:35 Imperial Age
37:13 Husbandry
37:27 Bloodlines
37:30 Forging
37:26 Scale Barding Armor
36:48 Elite Skirmisher
36:55 Pikeman
37:36 Squires
38:34 Town Patrol
39:39 Conscription
40:04 Iron Casting
avvocatore
0:29 Loom
12:13 Feudal Age
13:33 Gold Mining
14:21 Wheelbarrow
13:32 Town Watch
13:39 Double-Bit Axe
18:03 Horse Collar
22:47 Castle Age
22:38 Forging
22:29 Scale Mail Armor
22:49 Stone Mining
23:32 Squires
22:59 Man-at-Arms
23:04 Pikeman
24:04 Hand Cart
23:50 Town Patrol
23:57 Heavy Plow
24:02 Long Swordsman
30:14 Iron Casting
30:44 Bow Saw
34:44 Chain Mail Armor
41:13 Imperial Age
39:53 Anarchy
42:20 Stone Shaft Mining
41:18 Two-Handed Swordsman
41:20 Halberdier
42:43 Perfusion
43:04 Conscription
45:39 Blast Furnace
45:54 Crop Rotation
Makaveli
0:30 Loom
12:13 Feudal Age
12:39 Double-Bit Axe
12:37 Horse Collar
18:22 Castle Age
17:30 Man-at-Arms
18:32 Gold Mining
19:47 Scale Mail Armor
20:27 Squires
20:44 Forging
21:47 Long Swordsman
22:15 Gambesons
23:20 Fletching
24:21 Elite Skirmisher
25:37 Padded Archer Armor
26:37 Arson
27:17 Chain Mail Armor
28:10 Iron Casting
27:33 Bodkin Arrow
28:06 Heavy Plow
33:10 Ballistics
35:28 Imperial Age
33:16 Leather Archer Armor
34:05 Devotion
34:49 Gold Shaft Mining
34:31 Bow Saw
35:32 Murder Holes
35:49 Fortified Wall
白鳳仙子
1:04 Loom
11:42 Feudal Age
13:33 Wheelbarrow
20:09 Castle Age
18:49 Stone Mining
18:41 Horse Collar
19:19 Gold Mining
19:18 Double-Bit Axe
21:17 Heavy Plow
21:29 Bow Saw
23:48 Stone Shaft Mining
23:53 Gold Shaft Mining
27:58 Town Watch
29:33 Hand Cart
33:04 Imperial Age
31:03 Scale Barding Armor
32:03 Forging
32:39 Town Patrol
33:03 Chain Barding Armor
33:20 Bloodlines
33:42 Conscription
35:10 Iron Casting
37:49 Chemistry
37:44 Plate Barding Armor
38:01 Husbandry
40:38 Blast Furnace
40:20 Elite War Elephant
@156W21758K
12:04 Feudal Age
16:37 Castle Age
15:01 Double-Bit Axe
16:02 Horse Collar
22:35 Heavy Plow
24:48 Wheelbarrow
24:52 Squires
29:35 Imperial Age
27:35 Pikeman
30:46 Conscription
30:32 Wagenburg Tactics
29:52 Halberdier
34:15 Chemistry
33:34 Fletching
33:46 Scale Mail Armor
34:03 Arson
38:04 Bow Saw
37:46 Elite Hussite Wagon
42:02 Chain Mail Armor
41:58 Forging
41:51 Padded Archer Armor
42:05 Bodkin Arrow
yuied
6:59 Loom
15:56 Feudal Age
18:34 Double-Bit Axe
23:48 Horse Collar
26:32 Castle Age
24:50 Fletching
25:56 Gold Mining
28:51 Bodkin Arrow
29:16 Padded Archer Armor
29:55 Elite Skirmisher
32:32 Leather Archer Armor
31:40 Crossbowman
38:13 Bow Saw
40:21 Gold Shaft Mining
39:37 Stone Mining
39:56 Heavy Plow
41:32 Scale Barding Armor
41:47 Forging
41:38 Scale Mail Armor
43:01 Caravan
45:50 Imperial Age
46:21 Coinage
47:02 Banking
46:19 Town Watch
45:56 Arbalester
46:50 Scale Barding Armor
47:23 Iron Casting
47:03 Chain Mail Armor
46:49 Bracer
47:20 Ring Archer Armor
46:56 Scale Barding Armor
48:15 Two-Man Saw
47:51 Crop Rotation
48:44 Chemistry
47:30 Arrowslits
47:43 Murder Holes
47:38 Treadmill Crane
48:09 Masonry
495556203
0:29 Loom
10:39 Feudal Age
12:02 Wheelbarrow
11:15 Double-Bit Axe
11:13 Horse Collar
11:28 Town Watch
13:50 Gold Mining
13:51 Stone Mining
19:46 Castle Age
19:12 Fletching
19:23 Padded Archer Armor
20:54 Hand Cart
20:44 Heavy Plow
21:15 Town Patrol
22:32 Bow Saw
23:42 Stone Shaft Mining
26:13 Squires
30:17 Thumb Ring
30:34 Bloodlines
30:26 Husbandry
31:19 Silk Road
32:42 Ballistics
32:18 Murder Holes
36:47 Imperial Age
34:34 Leather Archer Armor
34:15 Bodkin Arrow
34:30 Forging
34:26 Scale Barding Armor
34:22 Scale Mail Armor
36:28 Light Cavalry
38:06 Ring Archer Armor
37:36 Bracer
38:40 Chemistry
39:37 Two-Man Saw
39:10 Crop Rotation
39:04 Hussar
41:28 Iron Casting
41:14 Chain Barding Armor
42:25 Elite Genoese Crossbowman
43:18 Pirotechnia
43:46 Hoardings
Connection lost

Rejoining the realm…

Still unreachable

The connection could not be restored.

Session expired

The server has moved on; the page needs a fresh start.